 Dungeon Crawl Stone Soup version 0.22-a0-392-g5dc3fd9 (webtiles) character file.

851 iamserjio the Magician (level 7, -1/36 HPs)
             Began as a Deep Elf Fire Elementalist on May 1, 2018.
             Slain by a water moccasin (5 damage)
             ... on level 5 of the Dungeon.
             The game lasted 00:15:05 (5232 turns).

iamserjio the Magician (Deep Elf Fire Elementalist) Turns: 5232, Time: 00:15:06

Health: -1/36      AC:  3    Str:  5    XL:     7   Next: 69%
Magic:  13/19      EV: 13    Int: 22    God:
Gold:   200        SH:  0    Dex: 15    Spells: 7/20 levels left

rFire    . . .     SeeInvis .   p - +2 quarterstaff (chaos)
rCold    . . .     Gourm    .   (shield currently unavailable)
rNeg     . . .     Faith    .   a - +0 robe
rPois    .         Spirit   .   (no helmet)
rElec    .         Reflect  .   q - +0 cloak
rCorr    .         Harm     .   (no gloves)
MR       .....                  (no boots)
Stlth    ++........             (no amulet)
HPRegen  0.12/turn              (no ring)
MPRegen  0.16/turn              (no ring)

@: no status effects
A: no striking features
a: no special abilities


You were on level 5 of the Dungeon.
You were hungry.

You visited 1 branch of the dungeon, and saw 5 of its levels.

You collected 200 gold pieces.

Inventory:

Hand Weapons
 d - a +0 dagger
 p - a +2 quarterstaff of chaos (weapon)
Armour
 a - a +0 robe (worn)
 q - a +0 cloak (worn)
 w - a +0 buckler
 x - the cursed +0 robe "Yhoa" {rPois Int+2 SInv, unknown}
   (You found it on level 4 of the Dungeon)

   It affects your intelligence (+2).
   It protects you from poison.
   It lets you see invisible.
   It has a curse placed upon it.
Jewellery
 m - an uncursed ring of ice
Wands
 u - a wand of digging (6)
 y - a wand of polymorph (11)
Scrolls
 b - 4 scrolls of blinking {unknown}
 e - 2 scrolls of identify
 g - a scroll of amnesia
 i - 2 scrolls of immolation {unknown}
 j - 2 scrolls of enchant weapon {unknown}
 o - 2 scrolls of remove curse
 t - a scroll of teleportation {unknown}
Potions
 h - a potion of haste {unknown}
 k - a potion of magic {unknown}
 l - a potion of degeneration {unknown}
 n - a potion of might {unknown}
 r - 2 potions of berserk rage {unknown}
 s - a potion of mutation {unknown}
 v - a potion of invisibility {unknown}
Comestibles
 c - 9 rations
 z - 3 chunks of flesh


   Skills:
 - Level 2.4 Dodging
 - Level 2.4 Stealth
 + Level 7.2 Spellcasting
 + Level 5.5 Conjurations
 + Level 6.4 Fire Magic


You had 7 spell levels left.
You knew the following spells:

 Your Spells              Type           Power        Failure   Level  Hunger
a - Flame Tongue          Conj/Fire      ####.        1%          1    None
b - Conjure Flame         Conj/Fire      ####....     1%          3    None
c - Sticky Flame          Conj/Fire      ####....     7%          4    ###....
d - Fireball              Conj/Fire      ####......   19%         5    #####..


Dungeon Overview and Level Annotations

Branches:
Dungeon (5/15)
 Temple: D:4-7

Altars:
Ashenzari
Cheibriados
Gozag
Uskayaw

Annotations:
D:5 soark's ghost, amateur DECj


Message History

You are more poisoned.
The water moccasin poisons you!
It was a potion of curing.
You feel better.
The water moccasin burns!
The water moccasin barely misses you. The water moccasin bites you!
* * * LOW HITPOINT WARNING * * *
You are lethally poisoned!
The water moccasin poisons you!
You feel better.
The water moccasin burns!
The water moccasin bites you!
* * * LOW HITPOINT WARNING * * *
As you read the scroll labeled MAIFEW UFF, it crumbles to dust.
It is a scroll of identify.
o - 2 scrolls of remove curse The water moccasin burns!
The water moccasin bites you.
* * * LOW HITPOINT WARNING * * *
The water moccasin closely misses you.
As you read the scroll labeled DUMUIVU WOETS, it crumbles to dust.
It is a scroll of amnesia.
Okay, then.
The water moccasin burns!
The water moccasin bites you.
You die...

#..# #.## #.# #.#
....# #.# ....##.
#.# ...... #.#
....## #.# ..... #@#
...
###.##S#######?#.#
.......W......รท...#
##.#.###..........#
#....#.#.##(..##
..........#...#
####.#.#.##...#
#.....###..# #.#.#.#
..#


You could see a water moccasin (burning) and soark's ghost.

Vanquished Creatures
  Sigmund (D:4)
  Eustachio (D:4)
  A phantom (D:4)
  An ogre (D:5)
  A howler monkey (D:5)
  Crazy Yiuf (D:2)
  Jessica (D:2)
  Natasha (thrice) (D:2)
  3 worker ants
  A hound skeleton (D:5)
  6 adders
  A worm (D:2)
  4 dart slugs
  3 leopard geckos
  2 orcs (D:3)
  3 ball pythons
  7 giant cockroaches
  2 hobgoblins
  7 jackals (D:2)
  5 kobolds
  A quokka (D:3)
  5 bats
  7 frilled lizards
  A giant cockroach zombie (D:3)
  5 goblins
  9 rats
82 creatures vanquished.

Notes
Turn   | Place    | Note
-------+----------+-------------------------------------------
     0 | D:1      | iamserjio the Deep Elf Fire Elementalist began the quest for the Orb.
     0 | D:1      | Reached XP level 1. HP: 10/10 MP: 6/6
   212 | D:1      | Reached XP level 2. HP: 15/15 MP: 6/8
   950 | D:2      | Reached XP level 3. HP: 19/19 MP: 5/10
  1126 | D:2      | Learned a level 3 spell: Conjure Flame
  1461 | D:2      | Reached skill level 4 in Spellcasting
  1599 | D:2      | Found a runed door.
  1603 | D:2      | Noticed Crazy Yiuf
  1611 | D:2      | Killed Crazy Yiuf
  1611 | D:2      | Reached XP level 4. HP: 24/24 MP: 2/12
  1709 | D:2      | Noticed Jessica
  1714 | D:2      | Killed Jessica
  1736 | D:2      | Learned a level 4 spell: Sticky Flame
  1748 | D:2      | Noticed Natasha
  1762 | D:2      | Killed Natasha
  1762 | D:2      | Reached XP level 5. HP: 15/28 MP: 5/14
  1792 | D:2      | Noticed Natasha
  1801 | D:2      | Killed Natasha
  2238 | D:2      | Reached skill level 5 in Spellcasting
  2521 | D:2      | Noticed Natasha
  2527 | D:2      | Killed Natasha
  3165 | D:3      | Found a shattered altar of Ashenzari.
  3308 | D:3      | Found a snail-covered altar of Cheibriados.
  3308 | D:3      | Found a hide-covered altar of Uskayaw.
  3664 | D:4      | Noticed Sigmund
  3698 | D:5      | Entered Level 5 of the Dungeon
  3701 | D:5      | Reached skill level 5 in Fire Magic
  3950 | D:5      | Noticed an ogre
  3953 | D:5      | Killed an ogre
  3953 | D:5      | Reached XP level 6. HP: 18/32 MP: 8/16
  4092 | D:5      | Found an opulent altar of Gozag.
  4135 | D:4      | Killed Sigmund
  4135 | D:4      | Reached skill level 6 in Spellcasting
  4135 | D:4      | Reached XP level 7. HP: 31/36 MP: 7/18
  4292 | D:4      | Got a silken robe
  4486 | D:4      | Reached skill level 5 in Conjurations
  4515 | D:4      | Noticed Eustachio
  4522 | D:4      | Killed Eustachio
  4522 | D:4      | Reached skill level 7 in Spellcasting
  5156 | D:5      | Learned a level 5 spell: Fireball
  5220 | D:5      | Noticed soark's ghost (amateur DECj)
  5232 | D:5      | Slain by a water moccasin

Vault maps used:
D:1:      dpeg_arrival_signposts
D:2:      uniq_jessica, uniq_crazy_yiuf_cottage, uniq_natasha
D:3:      marbit_many_paths, amethyst_overflow_temple_binary, first_ration
D:4:      feat_on_display, uniq_eustachio, uniq_sigmund
D:5:      temple_green, nicolae_gozag_cash_rules_everything_around_me

Skill      XL: |  1  2  3  4  5  6  7 |
---------------+----------------------+-----
Conjurations   | 2 3 4 5 |  5.5
Fire Magic     | 4 5 6 |  6.4
Spellcasting   | 4 5 6 7 |  7.2
Dodging        | |  2.4
Stealth        | |  2.4

Action                   |  1- 3 |  4- 6 |  7- 9 || total
-------------------------+-------+-------+-------++-------
Melee: Dagger            |     1 |       |       ||     1
 Cast: Flame Tongue      |    65 |    70 |    23 ||   158
       Conjure Flame     |     1 |     2 |       ||     3
       Sticky Flame      |       |     2 |     6 ||     8
  Use: Scroll            |       |       |     2 ||     2
       Potion            |       |       |     2 ||     2
  Eat: Chunk             |     2 |     8 |     3 ||    13
Armor: Robe              |     1 |     7 |       ||     8
Dodge: Dodged            |    26 |    13 |     6 ||    45

Table legend:
 A = Spawn XP
 B = Non-spawn XP
 C = Spawn XP percentage of total XP
 D = Spawn monster count
 E = Non-spawn monster count
 F = Spawn count percentage of total count
 G = Total turns spent on level
                    A         B        C        D         E        F      G
               +---------+---------+-------+---------+---------+-------+---------
         Total |       0 |    1217 |   0.0 |       0 |      82 |   0.0 |  5232
               +---------+---------+-------+---------+---------+-------+---------
           D:1 |       0 |      38 |   0.0 |       0 |      22 |   0.0 |   814
           D:2 |       0 |     259 |   0.0 |       0 |      31 |   0.0 |  1822
           D:3 |       0 |      35 |   0.0 |       0 |      14 |   0.0 |   991
           D:4 |       0 |     642 |   0.0 |       0 |       9 |   0.0 |  1096
           D:5 |       0 |     243 |   0.0 |       0 |       6 |   0.0 |   509
               +---------+---------+-------+---------+---------+-------+---------
